 Dungeon Crawl Stone Soup version 0.26-a0-612-gd4d190f45e (webtiles) character file.

Game seed: 12501023931974657487

5 Gargoyl the Skirmisher (level 1, -1/23 HPs)
             Began as a Gnoll Abyssal Knight on Sept 9, 2020.
             Was a Follower of Lugonu.
             Slain by a thrashing horror (15 damage)
             ... on level 2 of the Abyss.
             The game lasted 00:00:21 (156 turns).

Gargoyl the Skirmisher (Gnoll Abyssal Knight)        Turns: 156, Time: 00:00:22

Health: -1/23      AC:  3    Str: 14    XL:     1   Next: 80%
Magic:  3/3        EV: 12    Int: 14    God:    Lugonu [*.....]
Gold:   80         SH:  0    Dex: 14    Spells: 0/0 levels left

rFire    . . .     SeeInvis .   a - +1 hand axe
rCold    . . .     Faith    .   (no shield)
rNeg     . . .     Spirit   .   b - +0 leather armour
rPois    .         Reflect  .   (no helmet)
rElec    .         Harm     .   (no cloak)
rCorr    .                      (no gloves)
MR       .....                  (no boots)
Stlth    +.........             (no amulet)
HPRegen  0.07/turn              (no ring)
MPRegen  0.08/turn              (no ring)

@: no status effects
A: distributed training, fangs 1, strong nose
a: Depart the Abyss, Renounce Religion


You were on level 2 of the Abyss.
You worshipped Lugonu.
Lugonu was aware of your devotion.
You visited 0 branches of the dungeon, and saw 0 of its levels.
You visited the Abyss 1 time.

You collected 80 gold pieces.

Inventory:

Hand Weapons
 a - a +1 hand axe (weapon)
Armour
 b - a +0 leather armour (worn)
Wands
 d - a wand of polymorph (5)
Scrolls
 c - a scroll of teleportation {unknown}
Potions
 e - a potion of mutation {unknown}


   Skills:
 + Level 6.4 Fighting
 + Level 0.1 Short Blades
 + Level 0.1 Long Blades
 + Level 4.4 Axes
 + Level 0.1 Maces & Flails
 + Level 0.1 Polearms
 + Level 0.1 Staves
 + Level 0.1 Slings
 + Level 0.1 Bows
 + Level 0.1 Crossbows
 + Level 0.1 Throwing
 + Level 4.4 Armour
 + Level 2.4 Dodging
 + Level 0.1 Stealth
 + Level 0.1 Shields
 + Level 0.1 Unarmed Combat
 + Level 0.1 Spellcasting
 + Level 0.1 Conjurations
 + Level 0.1 Hexes
 + Level 0.1 Summonings
 + Level 0.1 Necromancy
 + Level 0.1 Translocations
 + Level 0.1 Transmutations
 + Level 0.1 Fire Magic
 + Level 0.1 Ice Magic
 + Level 0.1 Air Magic
 + Level 0.1 Earth Magic
 + Level 0.1 Poison Magic
 + Level 4.4 Invocations
 + Level 0.1 Evocations


You couldn't memorise any spells.
You didn't know any spells.
Your spell library was empty.

Dungeon Overview and Level Annotations

Branches:
Dungeon (0/15)

Altars:


Innate Abilities, Weirdness & Mutations

Your experience applies equally to all skills.
You have very sharp teeth.
Your uncanny sense of smell can sniff out nearby items.


Message History

Found 19 gold pieces.
You now have 80 gold pieces (gained 19).
e - an amethyst potion
Found 13 stones.
You see here 13 stones.
Found a robe.
A starcursed mass comes into view.
An iron imp comes into view.
A small abomination comes into view.
The iron imp shouts, "Crawl home, thou cockered weather-bitten brigand!"
A thrashing horror comes into view.
The thrashing horror moves out of view.
The iron imp laughs crazily.
The thrashing horror roars!
You hit the small abomination but do no damage.
The small abomination completely misses you.
The small abomination hits you!
The thrashing horror barely misses you. x2
The thrashing horror tramples you!
Ouch! That really hurt!
You die...

.#...#
#...##......##...# .
. .#
.....#.....##.....
.##. #.
.#........#...#.# .
#...................
. #
#..##..##..#.....##
## # #
#.......##....# #..
......#......## .#
..#....#.....# # #
.#..#...#@.##..#
.....x..X#.......#
.......5x.##.##.##
##...#####..#.#.#
#.#. ### ..# # ##. #


You could see a thrashing horror, 2 small abominations and an iron imp.

Vanquished Creatures
  An ufetubus (Abyss:2)
1 creature vanquished.

Notes
Turn   | Place    | Note
-------+----------+-------------------------------------------
     0 | Abyss:1  | Gargoyl the Gnoll Abyssal Knight began the quest for the
                  | Orb.
     0 | Abyss:1  | Reached XP level 1. HP: 23/23 MP: 3/3
   137 | Abyss:2  | Noticed a starcursed mass
   142 | Abyss:2  | Noticed an iron imp
   144 | Abyss:2  | Noticed a small abomination
   150 | Abyss:2  | Noticed a small abomination
   152 | Abyss:2  | Noticed a thrashing horror
   156 | Abyss:2  | Slain by a thrashing horror

Illustrated notes

Levels and vault maps discovered:
Abyss:2:  evilmike_abyss_exit_16, minivault_26, bh_silent_lugonu_exit

Action                   || total
-------------------------++-------
Melee: Hand axe          ||     4
  Use: Scroll            ||     1
 Stab: Distracted        ||     1
Armor: Leather armour    ||     1
Dodge: Dodged            ||     8

Table legend: (Time is in decaauts)
 A = Elapsed time spent in this place.
 B = Non-inter-level travel time spent in this place.
 C = Inter-level travel time spent in this place.
 D = Time resting spent in this place.
 E = Time spent auto-exploring this place.
 F = Levels seen in this place.
 G = Mean time per level.
                   A        B        C        D        E       F      G
               +--------+--------+--------+--------+--------+-----+--------+
         Total |    156 |    156 |      0 |      0 |    110 |   2 |   78.0 |
         Abyss |    156 |    156 |      0 |      0 |    110 |   2 |   78.0 |
               +--------+--------+--------+--------+--------+-----+--------+

Top non-repeatable levels by time:
 Abyss:2: 126 daAuts
 Abyss:1: 30 daAuts
